AoeStats
← GAX | Urubu

Fortress

508258953Analyzed
4v4 RM · 12d ago on Sep 21, 2026· 71m 3s· 8 players
Game mode
Random Map
Map size
Huge
Population
200
Speed
Normal
Resources
Standard
Victory
Conquest
Starting age
Dark Age
Ending age
Imperial Age
RankedLock teamsTeams togetherTeam positionsShared explorationLock speedFull tech treeHidden civsTurbo modeCheats
Victory
Defeat
🇳🇱 Inca · Netherlands
1642
+16
🇧🇷 Cumans · Brazil
1586
+19
🇪🇨 Italians · Ecuador
1509
+22
🇦🇷 Magyars · Argentina
1494
+22
🇨🇳 Persians · China
1675
-21
🇨🇳 Magyars · China
1666
-21
🇹🇼 Britons · Taiwan
1641
-20
🇹🇼 Celts · Taiwan
1574
-17
YanShiba
8:07 Feudal Age
9:14 Double-Bit Axe
11:39 Castle Age
9:50 Horse Collar
12:48 Bow Saw
12:41 Heavy Plow
14:36 Loom
19:28 Wheelbarrow
19:27 Fletching
20:54 Town Watch
21:24 Gold Mining
23:49 Gold Shaft Mining
26:46 Imperial Age
24:42 Bodkin Arrow
25:11 Padded Archer Armor
25:51 Ballistics
26:28 Leather Archer Armor
27:11 Fortified Wall
27:07 Treadmill Crane
27:37 Masonry
27:51 Bracer
28:52 Chemistry
27:58 Siphons
27:48 Elite Longbowman
29:35 Conscription
30:55 Yeomen
31:49 Guard Tower
31:44 Arrowslits
33:04 Ring Archer Armor
33:20 Keep
33:12 Siphons
35:36 Caravan
40:43 Elite Skirmisher
41:20 Stone Mining
42:27 Hoardings
41:52 Treadmill Crane
42:17 Siege Engineers
44:07 Warwolf
47:21 Hand Cart
46:37 Capped Ram
48:51 Coinage
48:31 Guilds
54:25 Town Patrol
JINJIN
7:58 Feudal Age
7:17 Loom
12:08 Castle Age
10:18 Double-Bit Axe
11:25 Gold Mining
13:07 Bow Saw
15:47 Ballistics
26:09 Stone Mining
30:02 Wheelbarrow
30:05 Horse Collar
31:35 Heavy Plow
35:50 Imperial Age
35:24 Gold Shaft Mining
36:44 Furor Celtica
35:54 Heavy Scorpion
35:56 Capped Ram
37:25 Siege Engineers
36:55 Siege Ram
37:06 Pikeman
42:06 Chemistry
42:35 Halberdier
48:16 Caravan
48:47 Onager
52:08 Hand Cart
55:35 Fortified Wall
56:53 Forging
56:43 Scale Mail Armor
十大地方
7:56 Feudal Age
8:38 Double-Bit Axe
11:30 Castle Age
9:15 Horse Collar
12:27 Bow Saw
15:47 Loom
17:10 Wheelbarrow
16:29 Loom
17:27 Heavy Plow
20:14 Hand Cart
20:33 Town Watch
20:44 Gold Mining
25:05 Imperial Age
22:21 Town Watch
23:08 Stone Mining
23:59 Gold Shaft Mining
24:02 Scale Barding Armor
24:07 Forging
24:53 Bloodlines
24:43 Husbandry
25:14 Chain Barding Armor
24:44 Cavalier
25:48 Conscription
26:51 Plate Barding Armor
26:39 Forging
27:09 Caravan
27:48 Crop Rotation
28:29 Two-Man Saw
27:44 Savar
29:20 Iron Casting
31:07 Blast Furnace
30:14 Fletching
32:01 Coinage
31:41 Guilds
32:10 Stone Shaft Mining
33:21 Light Cavalry
35:04 Bodkin Arrow
34:52 Hussar
37:49 Ballistics
38:29 Chemistry
45:15 Kamandaran
45:50 Hoardings
45:57 Hoardings
45:34 Masonry
45:20 Murder Holes
47:56 Citadels
55:42 Banking
55:01 Capped Ram
56:18 Siege Ram
Hash-
7:18 Feudal Age
8:24 Double-Bit Axe
11:14 Castle Age
9:26 Double-Bit Axe
9:36 Horse Collar
13:15 Wheelbarrow
19:36 Bow Saw
22:09 Hand Cart
22:46 Gold Mining
22:47 Stone Mining
26:47 Imperial Age
24:02 Loom
24:29 Loom
24:47 Fletching
25:00 Padded Archer Armor
24:52 Town Watch
25:26 Thumb Ring
26:10 Ballistics
26:11 Bodkin Arrow
27:16 Leather Archer Armor
27:04 Husbandry
27:14 Bloodlines
27:50 Bracer
29:04 Chemistry
28:32 Conscription
28:37 Recurve Bow
28:17 Heavy Cavalry Archer
29:22 Parthian Tactics
29:39 Parthian Tactics
29:39 Scale Barding Armor
30:37 Ring Archer Armor
30:33 Corvinian Army
31:00 Chain Barding Armor
32:24 Elite Magyar Huszar
34:43 Heavy Plow
35:55 Plate Barding Armor
38:10 Caravan
45:33 Coinage
47:10 Banking
Maty
7:37 Feudal Age
8:49 Double-Bit Axe
11:24 Castle Age
9:16 Horse Collar
12:27 Bow Saw
15:31 Wheelbarrow
19:05 Hand Cart
20:57 Town Watch
24:20 Imperial Age
21:40 Loom
21:46 Gold Mining
21:48 Stone Mining
23:03 Fletching
23:36 Ballistics
24:05 Heavy Plow
24:02 Bodkin Arrow
26:04 Chemistry
25:06 Bracer
26:02 Stone Shaft Mining
25:48 Padded Archer Armor
27:28 Leather Archer Armor
27:34 Masonry
28:17 Thumb Ring
28:44 Ring Archer Armor
27:35 Elite Genoese Crossbowman
31:23 Hoardings
32:48 Architecture
31:59 Treadmill Crane
33:29 Conscription
36:47 Silk Road
36:22 Arrowslits
36:55 Guilds
37:58 Capped Ram
38:48 Scale Barding Armor
38:52 Caravan
43:05 Forging
43:15 Light Cavalry
43:56 Husbandry
44:21 Chain Barding Armor
44:59 Bloodlines
45:31 Fortified Wall
46:49 Two-Man Saw
46:19 Crop Rotation
46:27 Crop Rotation
46:34 Plate Barding Armor
45:55 Elite Skirmisher
46:47 Hussar
48:57 Iron Casting
52:24 Coinage
56:09 Banking
Glokken
7:32 Feudal Age
11:16 Castle Age
9:08 Double-Bit Axe
9:18 Horse Collar
13:10 Bow Saw
16:05 Wheelbarrow
15:45 Loom
16:31 Scale Mail Armor
22:15 Heavy Plow
23:19 Wheelbarrow
28:02 Imperial Age
26:14 Gold Mining
27:42 Chain Mail Armor
27:37 Forging
27:44 Fletching
28:21 Bodkin Arrow
28:26 Padded Archer Armor
28:57 Hand Cart
28:15 Elite Skirmisher
29:07 Bracer
29:09 Padded Archer Armor
29:35 Thumb Ring
30:51 Chemistry
31:05 Ballistics
30:41 Stone Mining
30:50 Town Watch
31:26 Leather Archer Armor
32:39 Ring Archer Armor
32:17 Caravan
31:54 Crossbowman
32:56 Thumb Ring
33:27 Guilds
33:56 Masonry
34:04 Arbalester
36:04 Conscription
36:39 Hoardings
36:54 Siege Engineers
40:27 Treadmill Crane
42:08 Chain Mail Armor
42:03 Forging
42:32 Coinage
42:30 Onager
44:15 Town Patrol
44:47 Plate Mail Armor
44:53 Iron Casting
45:29 Murder Holes
49:11 Blast Furnace
48:14 Andean Sling
48:19 Fabric Shields
48:18 Capped Ram
50:16 Banking
50:36 Siege Ram
50:43 Champi Runner
51:23 Squires
51:51 Champi Warrior
52:50 Elite Champi Warrior
59:46 Pikeman
59:51 Elite Kamayuk
PocaChota
8:40 Feudal Age
9:35 Double-Bit Axe
12:38 Castle Age
10:28 Horse Collar
13:45 Bow Saw
13:36 Heavy Plow
20:38 Corvinian Army
22:07 Wheelbarrow
21:18 Loom
22:52 Bloodlines
22:44 Husbandry
23:45 Treadmill Crane
24:18 Gold Mining
24:19 Stone Mining
28:11 Imperial Age
26:26 Hand Cart
27:06 Gold Shaft Mining
26:40 Town Watch
27:32 Scale Barding Armor
28:37 Chain Barding Armor
28:20 Elite Magyar Huszar
29:32 Conscription
30:52 Hoardings
31:14 Plate Barding Armor
30:41 Caravan
31:30 Fletching
32:41 Chemistry
32:01 Ballistics
33:27 Two-Man Saw
33:01 Crop Rotation
32:27 Bodkin Arrow
33:05 Padded Archer Armor
35:24 Bracer
35:36 Masonry
38:01 Leather Archer Armor
39:14 Coinage
40:32 Ring Archer Armor
40:29 Parthian Tactics
40:10 Thumb Ring
46:26 Siege Engineers
46:21 Onager
48:09 Banking
61:24 Murder Holes
62:31 Heavy Cavalry Archer
63:37 Recurve Bow
67:26 Cavalier
GAX | Urubu
6:29 Feudal Age
6:54 Double-Bit Axe
6:50 Horse Collar
9:39 Wheelbarrow
16:19 Castle Age
14:38 Gold Mining
15:09 Loom
15:09 Town Watch
17:38 Bloodlines
17:40 Bow Saw
17:31 Heavy Plow
18:00 Scale Barding Armor
22:55 Imperial Age
23:22 Forging
23:32 Stone Mining
23:22 Cavalier
25:30 Chain Barding Armor
25:20 Capped Ram
28:06 Plate Barding Armor
29:16 Paladin
31:01 Iron Casting
35:37 Conscription
39:15 Caravan
40:17 Pikeman
40:58 Squires
41:09 Scale Mail Armor
42:10 Blast Furnace
42:12 Chain Mail Armor
42:19 Fletching
43:57 Siege Ram
45:19 Halberdier
48:53 Onager
51:53 Siege Onager
53:38 Arson
58:52 Chemistry
58:05 Masonry
62:15 Light Cavalry
67:31 Plate Mail Armor
Connection lost

Rejoining the realm…

Still unreachable

The connection could not be restored.

Session expired

The server has moved on; the page needs a fresh start.